[ AOE2 MATCH · #506726086 ]
UnrankedIncas vs Saracens
Player's team · WIN
Rival team · LOSS
[ REPLAY ANALYSIS · EXTRACTED FROM THE RECORDED GAME ]
Feudal
9:26
Castle
23:20
Imperial
—
| APM avg | 54.7 |
| APM peak | 74 |
| eAPM avg | 21.4 |
| Villagers / military | 68 / 2 |
Focus
⚔️ 41.3% · 🌾 58.7%
Unknown (2550) ×31 · Mangonel ×2
Feudal
10:55
Castle
20:51
Imperial
—
| APM avg | 110.6 |
| APM peak | 165 |
| eAPM avg | 52.2 |
| Villagers / military | 64 / 38 |
Focus
⚔️ 79.6% · 🌾 20.4%
Archer ×29 · Militia ×5 · Mangonel ×2 · Cavalry Archer ×2
Match map
Initial resources + every placement click. Lines = walls · curves = elevation contours. ◆ gold · ⬟ stone · ● berries · ✦ relic · ◌ wall gap
Your base· Open — opponent sealed themselves in
wappla's base· ✓ Closed at 20:51 · 36t walls · no gate
Smoothed initial terrain · ◌ = detected wall gap · hover for details
Inputs per minute
— CNZS_98T - - wappla
Build order — CNZS_98T
First 150 of 183 actions detected
| 0:01 | Create | Villager (Male) |
| 0:01 | Create | Villager (Male) |
| 0:01 | Create | Villager (Male) |
| 0:02 | Create | Villager (Male) |
| 0:03 | Build | House |
| 1:12 | Create | Villager (Male) |
| 1:58 | Create | Villager (Male) |
| 2:05 | Build | Settlement |
| 2:21 | Create | Villager (Male) |
| 2:22 | Create | Villager (Male) |
| 2:54 | Create | Villager (Male) |
| 2:54 | Create | Villager (Male) |
| 3:16 | Create | Villager (Male) |
| 3:46 | Create | Villager (Male) |
| 3:46 | Create | Villager (Male) |
| 4:08 | Create | Villager (Male) |
| 4:08 | Create | Villager (Male) |
| 4:28 | Create | Villager (Male) |
| 4:28 | Create | Villager (Male) |
| 4:50 | Create | Villager (Male) |
| 4:50 | Create | Villager (Male) |
| 5:10 | Create | Villager (Male) |
| 5:40 | Create | Villager (Male) |
| 5:41 | Build | Barracks |
| 5:58 | Create | Villager (Male) |
| 6:12 | Research | Loom |
| 6:42 | Build | Settlement |
| 7:16 | Research | Feudal Age |
| 7:17 | Research | Feudal Age |
| 7:32 | Create | Unit 2550 |
| 7:32 | Create | Unit 2550 |
| 7:53 | Create | Unit 2550 |
| 8:13 | Build | Settlement |
| 8:20 | Create | Unit 2550 |
| 9:01 | Build | Palisade Wall |
| 9:14 | Create | Villager (Male) |
| 9:26 | Age | Feudal Age |
| 9:29 | Research | Tech 1402 |
| 9:29 | Research | Tech 1402 |
| 9:39 | Create | Villager (Male) |
| 9:43 | Research | Double-Bit Axe |
| 9:43 | Research | Double-Bit Axe |
| 9:58 | Research | Horse Collar |
| 9:58 | Research | Horse Collar |
| 10:09 | Create | Villager (Male) |
| 10:11 | Build | Farm |
| 10:20 | Create | Villager (Male) |
| 10:51 | Build | Farm |
| 10:52 | Build | Farm |
| 11:01 | Create | Villager (Male) |
| 11:34 | Create | Villager (Male) |
| 11:35 | Create | Villager (Male) |
| 11:37 | Build | Farm |
| 11:40 | Build | Watch Tower |
| 11:50 | Build | Farm |
| 11:59 | Create | Villager (Male) |
| 11:59 | Create | Villager (Male) |
| 12:22 | Create | Villager (Male) |
| 12:22 | Create | Villager (Male) |
| 12:31 | Create | Unit 2550 |
| 12:37 | Build | Farm |
| 12:53 | Build | Farm |
| 12:54 | Build | Farm |
| 13:00 | Create | Villager (Male) |
| 13:01 | Create | Villager (Male) |
| 13:05 | Build | Farm |
| 13:09 | Build | Farm |
| 13:13 | Create | Unit 2550 |
| 13:20 | Build | Farm |
| 13:24 | Create | Villager (Male) |
| 13:33 | Build | Farm |
| 13:45 | Create | Villager (Male) |
| 13:45 | Create | Villager (Male) |
| 13:57 | Create | Villager (Male) |
| 13:58 | Build | Farm |
| 14:11 | Create | Unit 2550 |
| 14:13 | Create | Villager (Male) |
| 14:21 | Create | Villager (Male) |
| 14:33 | Build | Blacksmith |
| 14:35 | Create | Unit 2550 |
| 15:11 | Create | Unit 2550 |
| 15:14 | Create | Villager (Male) |
| 15:20 | Build | Farm |
| 15:27 | Create | Unit 2550 |
| 15:31 | Research | Scale Mail Armor |
| 15:31 | Research | Scale Mail Armor |
| 15:37 | Create | Villager (Male) |
| 15:40 | Build | Market |
| 15:49 | Create | Unit 2550 |
| 15:58 | Build | Watch Tower |
| 16:03 | Build | Palisade Wall |
| 16:06 | Create | Villager (Male) |
| 16:12 | Build | Palisade Wall |
| 16:20 | Research | Arson |
| 16:22 | Create | Villager (Male) |
| 16:45 | Create | Unit 2550 |
| 16:58 | Create | Unit 2550 |
| 17:07 | Create | Villager (Male) |
| 17:30 | Create | Villager (Male) |
| 17:41 | Create | Unit 2550 |
| 17:46 | Build | Barracks |
| 17:47 | Create | Villager (Male) |
| 17:57 | Create | Unit 2550 |
| 18:05 | Build | Palisade Wall |
| 18:06 | Create | Villager (Male) |
| 18:14 | Research | Fletching |
| 18:14 | Research | Fletching |
| 18:21 | Create | Unit 2550 |
| 18:22 | Create | Villager (Male) |
| 18:44 | Create | Unit 2550 |
| 18:50 | Build | House |
| 18:54 | Build | Palisade Wall |
| 18:56 | Build | House |
| 19:08 | Research | Wheelbarrow |
| 19:08 | Research | Wheelbarrow |
| 19:24 | Build | Watch Tower |
| 19:42 | Build | House |
| 19:43 | Build | Palisade Wall |
| 19:44 | Build | House |
| 19:58 | Build | Gate |
| 20:30 | Build | Palisade Gate |
| 20:40 | Research | Castle Age |
| 20:59 | Build | Outpost |
| 21:06 | Build | Watch Tower |
| 21:11 | Research | Town Watch |
| 21:12 | Research | Town Watch |
| 21:14 | Create | Unit 2550 |
| 21:14 | Create | Unit 2550 |
| 21:21 | Build | Watch Tower |
| 21:27 | Build | Watch Tower |
| 21:37 | Research | Gold Mining |
| 21:37 | Research | Gold Mining |
| 22:04 | Build | Watch Tower |
| 22:16 | Build | Farm |
| 22:37 | Research | Forging |
| 23:14 | Build | Palisade Wall |
| 23:20 | Age | Castle Age |
| 23:26 | Research | Bodkin Arrow |
| 23:29 | Research | Tech 1351 |
| 23:29 | Research | Tech 1351 |
| 23:33 | Research | Squires |
| 23:33 | Research | Squires |
| 23:36 | Create | Villager (Male) |
| 23:40 | Build | Town Center |
| 23:48 | Create | Villager (Male) |
| 23:59 | Build | House |
| 24:09 | Create | Unit 2550 |
| 24:09 | Create | Unit 2550 |
| 24:35 | Create | Villager (Male) |
| 24:38 | Create | Unit 2550 |
Build order — wappla
First 150 of 171 actions detected
| 0:00 | Create | Villager (Male) |
| 0:00 | Create | Villager (Male) |
| 0:00 | Create | Villager (Male) |
| 0:01 | Build | House |
| 0:02 | Build | House |
| 0:07 | Create | Villager (Male) |
| 1:24 | Create | Villager (Male) |
| 1:24 | Create | Villager (Male) |
| 1:43 | Build | Lumber Camp |
| 1:56 | Create | Villager (Male) |
| 1:56 | Create | Villager (Male) |
| 2:13 | Create | Villager (Male) |
| 2:13 | Create | Villager (Male) |
| 2:45 | Create | Villager (Male) |
| 3:06 | Create | Villager (Male) |
| 3:39 | Create | Villager (Male) |
| 3:49 | Build | House |
| 3:53 | Create | Villager (Male) |
| 4:11 | Build | House |
| 4:28 | Create | Villager (Male) |
| 4:48 | Create | Villager (Male) |
| 5:00 | Build | Barracks |
| 5:08 | Create | Villager (Male) |
| 5:31 | Create | Villager (Male) |
| 5:56 | Build | Mill |
| 5:57 | Create | Militia |
| 5:57 | Create | Militia |
| 6:14 | Create | Villager (Male) |
| 6:31 | Create | Villager (Male) |
| 6:36 | Build | Palisade Wall |
| 6:50 | Create | Villager (Male) |
| 7:17 | Research | Loom |
| 7:33 | Build | House |
| 7:43 | Build | Mining Camp |
| 7:54 | Create | Villager (Male) |
| 8:06 | Build | Mining Camp |
| 8:20 | Create | Villager (Male) |
| 8:28 | Build | Palisade Wall |
| 8:39 | Research | Feudal Age |
| 9:00 | Build | Palisade Wall |
| 9:07 | Build | Palisade Wall |
| 9:09 | Create | Militia |
| 9:20 | Build | House |
| 9:26 | Build | Palisade Wall |
| 9:43 | Create | Militia |
| 9:56 | Build | Palisade Wall |
| 10:35 | Create | Villager (Male) |
| 10:38 | Build | Palisade Wall |
| 10:55 | Age | Feudal Age |
| 10:57 | Build | Archery Range |
| 11:01 | Build | Market |
| 11:05 | Build | Market |
| 11:10 | Create | Villager (Male) |
| 11:13 | Build | House |
| 11:22 | Build | House |
| 11:39 | Create | Villager (Male) |
| 11:52 | Build | House |
| 11:57 | Build | House |
| 12:02 | Research | Man-at-Arms (upgrade) |
| 12:08 | Create | Archer |
| 12:09 | Create | Villager (Male) |
| 12:13 | Build | Farm |
| 12:15 | Build | Farm |
| 12:24 | Create | Villager (Male) |
| 12:27 | Build | House |
| 12:47 | Create | Villager (Male) |
| 12:49 | Research | Double-Bit Axe |
| 12:53 | Build | House |
| 13:07 | Create | Archer |
| 13:11 | Create | Villager (Male) |
| 13:27 | Build | Farm |
| 13:31 | Create | Villager (Male) |
| 13:39 | Create | Archer |
| 13:56 | Create | Militia |
| 14:01 | Build | Farm |
| 14:03 | Create | Archer |
| 14:11 | Create | Villager (Male) |
| 14:25 | Create | Archer |
| 14:37 | Create | Villager (Male) |
| 14:39 | Build | Farm |
| 15:07 | Create | Villager (Male) |
| 15:07 | Create | Archer |
| 15:19 | Create | Villager (Male) |
| 15:21 | Build | Farm |
| 15:23 | Build | Farm |
| 15:24 | Create | Archer |
| 15:46 | Create | Villager (Male) |
| 16:02 | Build | Blacksmith |
| 16:13 | Create | Archer |
| 16:22 | Create | Villager (Male) |
| 16:43 | Create | Villager (Male) |
| 16:47 | Research | Fletching |
| 16:59 | Create | Villager (Male) |
| 17:01 | Build | Watch Tower |
| 17:04 | Create | Archer |
| 17:16 | Create | Villager (Male) |
| 17:41 | Create | Villager (Male) |
| 17:45 | Create | Archer |
| 17:59 | Build | House |
| 18:01 | Create | Villager (Male) |
| 18:11 | Research | Castle Age |
| 18:14 | Build | Mining Camp |
| 18:31 | Create | Archer |
| 18:42 | Build | Farm |
| 18:46 | Create | Archer |
| 19:09 | Create | Archer |
| 19:52 | Create | Archer |
| 20:07 | Create | Archer |
| 20:24 | Create | Archer |
| 20:38 | Create | Villager (Male) |
| 20:40 | Build | Archery Range |
| 20:51 | Age | Castle Age |
| 20:53 | Research | Crossbowman (upgrade) |
| 20:54 | Research | Bodkin Arrow |
| 21:02 | Build | Town Center |
| 21:08 | Create | Archer |
| 21:15 | Create | Archer |
| 21:19 | Create | Villager (Male) |
| 21:26 | Create | Villager (Male) |
| 21:36 | Create | Archer |
| 21:39 | Create | Villager (Male) |
| 21:53 | Create | Archer |
| 21:57 | Create | Archer |
| 22:02 | Create | Villager (Male) |
| 22:15 | Build | Siege Workshop |
| 22:18 | Build | Lumber Camp |
| 22:24 | Create | Villager (Male) |
| 22:27 | Create | Villager (Male) |
| 22:27 | Create | Villager (Male) |
| 22:33 | Build | House |
| 22:42 | Create | Villager (Male) |
| 22:56 | Research | Bow Saw |
| 23:10 | Create | Mangonel |
| 23:24 | Create | Villager (Male) |
| 23:34 | Build | House |
| 23:47 | Create | Villager (Male) |
| 23:58 | Create | Archer |
| 24:01 | Build | Lumber Camp |
| 24:08 | Create | Villager (Male) |
| 24:28 | Create | Archer |
| 24:28 | Create | Archer |
| 24:28 | Create | Archer |
| 24:28 | Create | Archer |
| 24:36 | Create | Villager (Male) |
| 24:40 | Create | Archer |
| 24:41 | Create | Archer |
| 24:51 | Create | Villager (Male) |
| 25:17 | Create | Villager (Male) |
| 25:19 | Create | Cavalry Archer |
| 25:20 | Create | Cavalry Archer |
Match timeline
| 5:00 | wappla · first_building Barracks |
| 5:41 | CNZS_98T · first_building Barracks |
| 6:36 | wappla · wall_segment Palisade Wall x9 |
| 8:28 | wappla · wall_segment Palisade Wall x4 |
| 9:00 | wappla · wall_segment Palisade Wall x1 |
| 9:01 | CNZS_98T · wall_segment Palisade Wall x1 |
| 9:07 | wappla · wall_segment Palisade Wall x5 |
| 9:26 | wappla · wall_segment Palisade Wall x7 |
| 9:26 | CNZS_98T · age_up feudal |
| 9:56 | wappla · wall_segment Palisade Wall x6 |
| 10:38 | wappla · wall_segment Palisade Wall x4 |
| 10:55 | wappla · age_up feudal |
| 10:57 | wappla · first_building Archery Range |
| 12:01 | wappla · first_market_buy 100 food |
| 16:03 | CNZS_98T · wall_segment Palisade Wall x8 |
| 16:12 | CNZS_98T · wall_segment Palisade Wall x15 |
| 18:05 | CNZS_98T · wall_segment Palisade Wall x10 |
| 18:31 | wappla · first_market_sell 100 wood |
| 18:54 | CNZS_98T · wall_segment Palisade Wall x8 |
| 19:43 | CNZS_98T · wall_segment Palisade Wall x1 |
| 20:51 | wappla · age_up castle |
| 22:15 | wappla · first_building Siege Workshop |
| 23:14 | CNZS_98T · wall_segment Palisade Wall x4 |
| 23:20 | CNZS_98T · age_up castle |
| 25:32 | CNZS_98T · first_market_buy 100 food |
| 26:48 | CNZS_98T · first_building Siege Workshop |
| 27:07 | wappla · first_building Castle |
| 28:14 | wappla · resign |
[ AI ANALYSIS · 1 CREDIT ]
What really happened in this match?
Wolo.gg analyzes every decision: build order, eco, micro, common mistakes by bracket. Personalized analysis on WhatsApp or Discord in 30 seconds.
Civ guide
Incas
Perfil
Jugador #25365699